 Dungeon Crawl Stone Soup version 0.26-a0-658-gbdda728c12 (webtiles) character file.

Game seed: 9909969589758634139

155 heikuro the Skirmisher (level 5, 0/42 HPs)
             Began as a Formicid Abyssal Knight on Oct 5, 2020.
             Was a Follower of Lugonu.
             Slain by an ogre
             ... wielding a +0 giant spiked club
              (19 damage)
             ... on level 3 of the Dungeon.
             The game lasted 00:06:18 (3528 turns).

heikuro the Skirmisher (Formicid Abyssal Knight)    Turns: 3528, Time: 00:06:18

Health: 0/42       AC:  9    Str: 18    XL:     5   Next: 63%
Magic:  7/7        EV:  7    Int: 11    God:    Lugonu [*.....]
Gold:   222        SH:  3    Dex: 10    Spells: 4/4 levels left

rFire    + + .     SeeInvis +   p - +0 dagger (venom)
rCold    x . .     Faith    .   r - +0 buckler (curse)
rNeg     . . .     Spirit   .   s - +0 chain mail
rPois    .         Reflect  .   (helmet unavailable)
rElec    .         Harm     .   (no cloak)
rCorr    .         Rampage  .   (no gloves)
MR       .....                  (no boots)
Stlth    ..........             (no amulet)
HPRegen  0.14/turn              j - ring of protection from fire
MPRegen  0.10/turn              d - ring of fire

@: no status effects
A: permanent stasis, dig shafts and tunnels, four strong arms, antennae 3
a: Dig, Shaft Self, Depart the Abyss, Renounce Religion


You were on level 3 of the Dungeon.
You worshipped Lugonu.
Lugonu was aware of your devotion.
You visited 1 branch of the dungeon, and saw 4 of its levels.
You visited the Abyss 1 time.

You collected 222 gold pieces.

Inventory:

Hand Weapons
 a - a +0 halberd
 b - a +0 hunting sling
 p - a +0 dagger of venom (weapon)
Missiles
 e - 73 stones (quivered)
 m - 15 sling bullets
Armour
 r - a cursed +0 buckler (worn)
 s - a +0 chain mail (worn)
 u - a +0 kite shield
Jewellery
 d - a ring of fire (right hand)
 j - a ring of protection from fire (left hand)
 t - an uncursed ring of flight
Wands
 k - a wand of iceblast (6)
Scrolls
 f - 4 scrolls of teleportation {unknown}
 g - 4 scrolls of remove curse
 h - a scroll of enchant weapon
 q - a scroll of magic mapping {unknown}
Potions
 c - a potion of flight
 i - a potion of mutation
 l - 2 potions of brilliance
 n - a potion of ambrosia
 o - a potion of curing {unknown}


   Skills:
 + Level 4.1 Fighting
 * Level 3.2 Polearms
 + Level 0.8 Slings
 + Level 3.3 Armour
 - Level 1.0 Dodging
 * Level 0.6 Shields
 + Level 3.5 Invocations


You had 4 spell levels left.
You didn't know any spells.
Your spell library was empty.

Dungeon Overview and Level Annotations

Branches:
Dungeon (4/15)
 Temple: D:4-7

Altars:
Nemelex Xobeh
Vehumet


Innate Abilities, Weirdness & Mutations

You cannot be hasted, slowed, berserked, paralysed or teleported.
You can dig through walls and to a lower floor.
Your four strong arms can wield two-handed weapons with a shield.
You have a pair of large antennae on your head. (SInv)


Message History

You shoot a stone. The stone hits the ogre!
The ogre is moderately wounded.
A scorpion comes into view.
Firing (i - inventory. (/) - cycle)
e - 74 stones (quivered)
Press: ? - help, Shift-Dir - straight line, f/p - ogre
Aim: an ogre, wielding a +0 giant spiked club (moderately wounded)
You shoot a stone. The stone barely misses the ogre.
There is an open door here.
Okay, then.
There is a stone staircase leading up here.
The ogre hits you with a +0 giant spiked club!!
Ouch! That really hurt!
You climb upwards.
There is a stone staircase leading down here.
Your +0 dagger of venom begins to drip with poison!
p - a +0 dagger of venom (weapon)
You hit the ogre.
The ogre is poisoned.
The ogre is moderately wounded.
The ogre hits you with a +0 giant spiked club!!
You die...

..........### #..#####.# #...
.........## ##.......## #...
.........# ##........## ###...
.........# #..........# #.....
.........## #..........###.#...
..........#####..................
#......<#.................#......
#......##..###........#####.#####
#..######.##.##.@.....#.........#
#..####...#...#..O....#.###.###.#
[.......####.####.....#)#.....#.#
..<....##..#'#..##.>..#.#.....#.#
.......#._.'.)...#........._.....
#####..##.##.##.##....#.#....[#.#
#...###.#.###.....#.#.....#.#
#.......#.......#.#.###.###.#
######.###.....##.#.........#


You could see an ogre (very poisoned).

Vanquished Creatures
  A bullfrog skeleton (D:3)
  An iguana (D:3)
  3 gnolls
  3 oozes
  2 worms (D:2)
  A dart slug (D:2)
  An orc (D:3)
  A ball python (D:1)
  A giant cockroach (D:3)
  3 hobgoblins
  8 jackals
  A quokka (D:2)
  5 bats
  4 frilled lizards
  7 goblins
  3 kobolds
  6 rats
51 creatures vanquished.

Notes
Turn   | Place    | Note
-------+----------+-------------------------------------------
     0 | Abyss:1  | heikuro the Formicid Abyssal Knight began the quest for the
                  | Orb.
     0 | Abyss:1  | Reached XP level 1. HP: 18/18 MP: 2/2
    78 | Abyss:1  | Noticed a vampire
    79 | D:1      | Escaped the Abyss
   138 | D:1      | Reached skill level 1 in Dodging
   365 | D:1      | Reached XP level 2. HP: 24/24 MP: 3/3
   387 | D:1      | Reached * piety under Lugonu
   741 | D:1      | Reached XP level 3. HP: 29/29 MP: 4/4
  1175 | D:1      | Reached XP level 4. HP: 23/37 MP: 6/6
  2424 | D:3      | Reached skill level 4 in Fighting
  2424 | D:3      | Reached XP level 5. HP: 4/42 MP: 7/7
  2774 | D:3      | Found a radiant altar of Vehumet.
  2847 | D:3      | Found a sparkling altar of Nemelex Xobeh.
  2968 | D:3      | Found a faded altar of an unknown god.
  3494 | D:4      | Noticed an ogre
  3528 | D:3      | Slain by an ogre

Illustrated notes

Levels and vault maps discovered:
D:1:      noname_arrival_rooms_in_the_neighbourhood, layout_basic
D:2:      layout_basic, hangedman_decor_riveting
D:3:      layout_rooms, nicolae_overflow_crystal_walls,
          chequers_ecumenical_altar_simple, hangedman_decor_growths,
          chequers_serial_rivers_small_3, small_statue_intersection,
          serial_bayou_pond_c, nemelex_dance_club_becter
D:4:      layout_basic, kennysheep_boxes, uniq_duvessa, uniq_menkaure

Skill      XL: |  1  2  3  4 |
---------------+-------------+-----
Dodging        | 1 |  1.0
Invocations    | 3 |  3.5
Armour         | 3 |  3.3
Fighting       | 4 |  4.1
Polearms       | 3 |  3.2
Slings         | |  0.8
Shields        | |  0.6

Action                   |  1- 3 |  4- 6 || total
-------------------------+-------+-------++-------
Melee: Spear             |    80 |     5 ||    85
       Halberd           |       |    88 ||    88
       Dagger            |       |     1 ||     1
 Fire: Hunting sling     |       |    15 ||    15
Throw: Stone             |    31 |    12 ||    43
Invok: Depart the Abyss  |     1 |       ||     1
  Use: Scroll            |     2 |     4 ||     6
 Stab: Sleeping          |       |     1 ||     1
Armor: Leather armour    |    17 |    12 ||    29
       Chain mail        |       |     7 ||     7
Dodge: Dodged            |    37 |    47 ||    84
Block: Buckler           |       |     2 ||     2

Table legend: (Time is in decaauts)
 A = Elapsed time spent in this place.
 B = Non-inter-level travel time spent in this place.
 C = Inter-level travel time spent in this place.
 D = Time resting spent in this place.
 E = Time spent auto-exploring this place.
 F = Levels seen in this place.
 G = Mean time per level.
                   A        B        C        D        E       F      G
               +--------+--------+--------+--------+--------+-----+--------+
         Total |   3577 |   3423 |    154 |   1145 |   1480 |   5 |  715.4 |
       Dungeon |   3498 |   3344 |    154 |   1145 |   1413 |   4 |  874.5 |
         Abyss |     79 |     79 |      0 |      0 |     67 |   1 |   79.0 |
               +--------+--------+--------+--------+--------+-----+--------+

Top non-repeatable levels by time:
     D:2: 1507 daAuts
     D:1: 1135 daAuts
     D:3: 789 daAuts
 Abyss:1: 79 daAuts
     D:4: 66 daAuts
